 Dungeon Crawl Stone Soup version 0.23.2-1-ga50397a (webtiles) character file.

Game seed: 10526514307526246532

289672 dvd the Peltast (level 19, -6/177 HPs)
             Began as a Deep Dwarf Gladiator on May 3, 2019.
             Was the Champion of Makhleb.
             Killed from afar by a deep elf annihilator (47 damage)
             ... with an iron shot
             ... on level 3 of the Elven Halls on May 4, 2019.
             The game lasted 02:30:21 (33635 turns).

dvd the Peltast (Deep Dwarf Gladiator)             Turns: 33635, Time: 02:30:22

Health: -6/177     AC: 23    Str: 32    XL:     19   Next: 91%
Magic:  11/11 (20) EV: 15    Int:  9    God:    Makhleb [******]
Gold:   1702       SH: 22    Dex: 16    Spells: 17/18 levels left

rFire    + + +     SeeInvis +   a - +9 morningstar (venom)
rCold    . . .     Gourm    .   K - +5 shield {reflect}
rNeg     + + .     Faith    .   D - +4 chain mail of Qufomn {rElec rF++ rCorr MP-9 Str+2}
rPois    .         Spirit   .   w - +0 helmet of Pessimism {rN+ Str+6}
rElec    +         Reflect  +   q - +2 cloak
rCorr    +         Harm     .   n - +2 pair of gloves
MR       ++...                  F - +2 pair of boots
Stlth    ..........             T - amulet of the acrobat
HPRegen  0.00/turn              z - ring of Kialesi {+Fly rF+ SInv}
MPRegen  0.12/turn              X - +5 ring of slaying

@: corroded, non-regenerating, lightly drained
A: damage resistance, heal wounds, blink, blurry vision 1, fire resistance 1,
negative energy resistance 1, sense surroundings 3, MP-powered wands, no
regeneration
}: 2/15 runes: serpentine, barnacled
a: Heal Wounds, Blink, Minor Destruction, Lesser Servant of Makhleb, Major
Destruction, Greater Servant of Makhleb, Renounce Religion, Evoke Flight


You were on level 3 of the Elven Halls.
You worshipped Makhleb.
Makhleb was exalted by your worship.
You were not hungry.

You visited 7 branches of the dungeon, and saw 35 of its levels.

You collected 3908 gold pieces.
You spent 2206 gold pieces at shops.

Inventory:

Hand Weapons
 a - a +9 morningstar of venom (weapon)
 b - a +9 war axe
 Q - the +8 glaive of the Guard {elec, +Rage AC+5 SInv}
   (You found it on level 4 of the Shoals)

   Occasionally, upon striking a foe, it will discharge some electrical energy
   and cause terrible harm.
   It affects your AC (+5).
   It lets you see invisible.
   It lets you go berserk.
Missiles
 h - 5 throwing nets
 p - 5 poisoned tomahawks
 y - 2 javelins of penetration
 V - 61 tomahawks
 Z - 11 javelins (quivered)
Armour
 n - a +2 pair of gloves (worn)
 o - the +0 scale mail of the Turtle {rElec rPois rCorr Int-2}
   (You found it on level 5 of the Lair of Beasts)

   It affects your intelligence (-2).
   It insulates you from electricity.
   It protects you from poison.
   It provides partial protection from all sources of acid and corrosion.
 q - a +2 cloak (worn)
 u - the +5 ring mail of the Bulwark {-Cast +Fly rElec rPois}
   (You found it on level 4 of the Shoals)

   It insulates you from electricity.
   It protects you from poison.
   It lets you fly.
   It prevents spellcasting.
 w - the +0 helmet of Pessimism (worn) {rN+ Str+6}
   (You found it on level 11 of the Dungeon)

   It affects your strength (+6).
   It protects you from negative energy.
 D - the +4 chain mail of Qufomn (worn) {rElec rF++ rCorr MP-9 Str+2}
   (You found it on level 7 of the Dungeon)

   It affects your strength (+2).
   It greatly protects you from fire.
   It insulates you from electricity.
   It affects your magic capacity (-9).
   It provides partial protection from all sources of acid and corrosion.
 F - a +2 pair of boots (worn)
 K - a +5 shield of reflection (worn)
Jewellery
 z - the ring of Kialesi (left hand) {+Fly rF+ SInv}
   (You bought it in a shop on level 2 of the Orcish Mines)

   [ring of protection from fire]

   It protects you from fire.
   It lets you see invisible.
   It lets you fly.
 C - an uncursed ring of ice
 E - the ring of the Vanishing Eyes {MR+ Dex+4}
   (You found it on level 4 of the Dungeon)

   [ring of dexterity]

   It affects your dexterity (+4).
   It affects your resistance to hostile enchantments.
 T - an amulet of the acrobat (around neck)
 X - a +5 ring of slaying (right hand)
Wands
 g - a wand of digging (8)
 i - a wand of acid (15)
 I - a wand of scattershot (2)
 O - a wand of iceblast (13)
 S - a wand of flame (16)
 U - a wand of paralysis (27)
Scrolls
 j - 15 scrolls of remove curse
 l - 4 scrolls of fog
 m - 3 scrolls of immolation
 s - 26 scrolls of identify
 A - 5 scrolls of amnesia
 G - 2 scrolls of magic mapping
 L - 2 scrolls of summoning
 M - 2 scrolls of blinking
 N - 10 scrolls of teleportation
 P - 4 scrolls of fear
 R - 2 scrolls of silence
Potions
 c - 2 potions of cancellation
 d - 2 potions of mutation
 e - 6 potions of agility
 k - 2 potions of haste
 r - 6 potions of heal wounds
 t - 2 potions of might
 v - 2 potions of flight
 x - 2 potions of ambrosia
 H - 16 potions of curing
 J - a potion of resistance
 W - a potion of magic
 Y - a potion of berserk rage
Comestibles
 f - 54 rations
 B - 3 chunks of flesh


   Skills:
 + Level 12.6 Fighting
 + Level 10.2(15.3) Axes
 + Level 17.0(17.7) Maces & Flails
 + Level 10.1 Throwing
 * Level 18.3 Armour
 + Level 8.5 Dodging
 + Level 2.0 Stealth
 + Level 18.8 Shields
 + Level 0.2(0.1) Conjurations
 + Level 4.1 Invocations
 + Level 1.3 Evocations


You had 17 spell levels left.
You knew the following spells:

 Your Spells              Type           Power        Failure   Level  Hunger
a - Flame Tongue          Conj/Fire      #....        71%         1    ##.....

Your spell library contained the following spells:

 Spells                   Type           Power        Failure   Level  Hunger
 Freeze                   Ice            #...         71%         1    ##.....
 Infusion                 Chrm           #...         71%         1    ##.....
 Sandblast                Erth           #.....       71%         1    ##.....
 Summon Butterflies       Summ           #.......     71%         1    ##.....
 Throw Frost              Conj/Ice       #.....       83%         2    ###....
 Passwall                 Tmut/Erth      #.......     85%         2    ###....
 Shroud of Golubria       Chrm/Tloc      #.........   85%         2    ###....
 Song of Slaying          Chrm           #.......     85%         2    ###....
 Ozocubu's Armour         Chrm/Ice       #.......     97%         3    ####...
 Spectral Weapon          Hex/Chrm       #.......     97%         3    ####...
 Spider Form              Tmut/Pois      #.........   97%         3    ####...
 Stone Arrow              Conj/Erth      #.....       97%         3    ####...
 Airstrike                Air            #.........   100%        4    #####..
 Cause Fear               Hex            #.........   100%        4    #####..
 Petrify                  Tmut/Erth      #.......     100%        4    #####..
 Sticky Flame             Conj/Fire      #.......     100%        4    #####..
 Summon Ice Beast         Ice/Summ       #.......     100%        4    #####..
 Summon Lightning Spire   Summ/Air       #.......     100%        4    #####..
 Throw Icicle             Conj/Ice       #.......     100%        4    #####..
 Bolt of Magma            Conj/Fire/Erth #.........   100%        5    ######.
 Excruciating Wounds      Chrm/Necr      #.........   100%        5    ######.
 Fireball                 Conj/Fire      #.........   100%        5    ######.
 Irradiate                Conj/Tmut      #.........   100%        5    ######.
 Iskenderun's Battlesphe  Conj/Chrm      #.......     100%        5    ######.
 Lee's Rapid Deconstruct  Erth           #.........   100%        5    ######.
 Venom Bolt               Conj/Pois      #.........   100%        5    ######.
 Bolt of Cold             Conj/Ice       #.........   100%        6    #######
 Bolt of Fire             Conj/Fire      #.........   100%        6    #######
 Conjure Ball Lightning   Conj/Air       #.........   100%        6    #######
 Iron Shot                Conj/Erth      #.........   100%        6    #######
 Dragon Form              Tmut           #.........   100%        7    #######
 Orb of Destruction       Conj           #.........   100%        7    #######
 Spellforged Servitor     Conj/Summ      #.........   100%        7    #######
 Summon Hydra             Summ           #.........   100%        7    #######
 Ignition                 Fire           #.........   100%        8    #######
 Dragon's Call            Summ           #.........   100%        9    #######
 Regeneration             Chrm/Necr      Unusable     N/A         3    N/A

Dungeon Overview and Level Annotations

Branches:
Dungeon (15/15)            Temple (1/1) D:6            Lair (6/6) D:10
 Shoals (4/4) Lair:3        Snake (4/4) Lair:3        Slime (0/5) Lair:6
    Orc (2/2) D:12            Elf (3/3) Orc:2        Vaults (0/5) D:13
 Depths (0/5) D:15

Altars:
Ashenzari
Cheibriados
Dithmenos
Elyvilon
Fedhas
Gozag
Hepliaklqana
Kikubaaqudgha
Makhleb
Nemelex Xobeh
Okawaru
Qazlal
Ru
Sif Muna
Trog
Uskayaw
Vehumet
Wu Jian
Xom
Yredelemnul
Zin
The Shining One
Beogh
Jiyva

Shops:
D:4 *!!!   D:5 *   D:15 **   Orc:2 [*[}!?=*=   Elf:2 ?   Elf:3 ((!   Snake:3 *(
Snake:4 *

Annotations:
D:7 Prince Ribbit
Snake:3 3 runed translucent doors, Killmatronix's ghost, adept BaWn; bmj180's ghost, adept GrEE


Innate Abilities, Weirdness & Mutations

You are resistant to damage.
You can heal yourself by infusing magical energy.
You resist negative energy. (rN+)
You passively map a large area around you.
You do not regenerate.
You can translocate small distances at will.
Scrolls take you a little longer to read.
Your flesh is heat resistant. (rF+)
You expend magic power (3 MP) to strengthen your wands.


Message History

You barely miss the deep elf sorcerer.
The deep elf sorcerer is severely wounded.
The ghostly deep elf annihilator hits you but does no damage.
You block the deep elf sorcerer's attack.
Unknown command.
You bludgeon the ghostly deep elf annihilator!!
The ghostly deep elf annihilator is heavily damaged.
You block the deep elf sorcerer's attack.
The ghostly deep elf annihilator points at you and mumbles some strange words.
The crystal spear hits you!!!
Unknown command.
You barely miss the ghostly deep elf annihilator.
The ghostly deep elf annihilator is heavily damaged.
The deep elf sorcerer gestures at you while chanting.
The bolt of acid hits you!! You resist.
* * * LOW HITPOINT WARNING * * *
You are splashed with acid.
You resist.
The deep elf archer blinks!
The deep elf annihilator casts a spell at you.
The iron shot hits you!!!
You die...

###ee# ##...## #E#ee# #...##
#.EEe## ####'## #.xEEe## ##.##
#Eee.E.## ### ##'. #.EEEeE.###
###.### ##.. ###EE.....# #####
#.....# #...
#....e.e###.).####.....####...
#....)(ยง*(eee@(.)'.(...'..'..(
#....(..###.ee#####'.######...
#.......# ##### ##.### #...
###...#'## ##.## ##..
######.#######'## ### ##.
##'#.......######(#####
##...........#.....# #
#....#.#.#.#......# #
#.................###


You could see a deep elf annihilator, a ghostly deep elf annihilator, a deep elf
sorcerer, a deep elf high priest, 2 deep elf magi and a battlesphere.

Vanquished Creatures
  Bai Suzhen (Shoals:3)
  Vashnia (Snake:3)
  A deep elf blademaster (Elf:2)
  Polyphemus (Shoals:3)
  3 krakens
  A deep elf master archer (Elf:3)
  Agnes (Snake:2)
  Kirke (Shoals:1)
  Roxanne (Elf:1)
  A storm dragon (Elf:1)
  Donald (Snake:1)
  The ghost of Kehia the Scorcher, an adept DrWn of Okawaru (Shoals:4)
  9 nagarajas
  Ilsuiw (Shoals:3)
  The ghost of kalagan the Earth Mage, an adept DEEE of Sif Muna (Elf:2)
  3 deep elf sorcerers
  Aizul (Snake:2)
  An iron dragon (Elf:1)
  A fire giant (D:15)
  A frost giant (Shoals:4)
  The ghost of Aske the Fighter, a journeyman MiBe of Trog (D:15)
  A deep elf elementalist (Elf:3)
  2 deep elf demonologists (Elf:1)
  A deep elf annihilator (Elf:3)
  A merfolk javelineer (Shoals:4)
  2 deep elf death magi (Elf:3)
  Snorg (D:14)
  Josephine (D:13)
  An ettin (Orc:1)
  A fire dragon (Lair:6)
  13 merfolk impalers
  3 deep elf high priests
  Erolcha (Orc:2)
  2 ogre magi (Orc:2)
  2 ice dragons (Elf:1)
  Harold (D:7)
  7 hydras
  4 vault guards (D:13)
  19 naga warriors
  2 catoblepae
  2 alligator snapping turtles
  5 anacondas
  8 centaur warriors
  3 merfolk avatars
  3 merfolk aquamancers (Shoals:4)
  29 dancing weapons
  A satyr (Shoals:3)
  3 death yaks (Shoals:3)
  A small abomination (Elf:3)
  3 two-headed ogres
  7 tengu warriors
  6 naga sharpshooters
  20 deep elf knights
  An orc high priest (Elf:3)
  10 shock serpents
  A deep troll (D:15)
  A salamander mystic (Snake:4)
  2 unseen horrors
  A wizard (Elf:1)
  11 sea snakes
  5 naga ritualists
  7 deep elf archers
  3 orc knights
  An obsidian statue (D:15)
  25 harpies
  2 lindwurms
  49 deep elf magi
  8 mana vipers
  7 salamanders
  A wolf spider zombie (D:15)
  10 orc sorcerers
  5 ugly things
  8 cyclopes
  9 elephants (Lair:6)
  A wolf spider (D:15)
  21 manticores
  7 fauns
  6 water nymphs
  6 guardian serpents
  Joseph (D:7)
  10 merfolk sirens
  2 molten gargoyles (Lair:6)
  25 black mambas
  A black mamba (shapeshifter) (D:15)
  5 gargoyles
  19 naga magi
  The ghost of Killmatronix the Skirmisher, a novice HuWn of Okawaru (D:4)
  16 spiny frogs
  A yaktaur (D:15)
  A freezing wraith (D:15)
  4 rime drakes
  11 komodo dragons
  An efreet (D:15)
  A tengu conjurer (D:15)
  7 wind drakes
  5 trolls
  2 polar bears
  A polar bear (shapeshifter) (D:15)
  35 merfolk
  7 blink frogs (Lair:6)
  6 snapping turtles
  10 hippogriffs
  6 dream sheep
  3 air elementals
  2 vampires
  A shadow (D:15)
  A redback (shapeshifter) (D:15)
  14 water elementals
  A spriggan (D:13)
  2 wyverns
  4 wraiths (D:13)
  3 fire elementals
  43 yaks
  8 humans (D:13)
  A steam dragon (Lair:6)
  3 hungry ghosts
  8 basilisks
  7 vampire mosquitoes
  3 soldier ants
  4 wargs
  64 nagas
  12 water moccasins
  5 hell hounds (Lair:6)
  An acid dragon (D:15)
  9 porcupines
  3 eyes of draining
  3 black bears
  5 ice beasts
  2 sky beasts
  13 orc warriors
  2 phantoms
  10 ogres
  2 boggarts (Elf:1)
  23 centaurs
  10 crocodiles
  17 wolves
  4 big kobolds
  A gnoll sergeant (D:10)
  19 bullfrogs
  An earth elemental (Elf:2)
  4 wyvern skeletons
  4 scorpions
  10 killer bees
  8 wights
  4 howler monkeys
  2 electric eels (D:8)
  5 crimson imps
  5 lava snakes (Lair:6)
  5 centaur zombies
  2 jellies
  A bullfrog zombie (D:8)
  5 hounds
  Crazy Yiuf (D:4)
  2 bullfrog skeletons
  13 orc priests
  22 orc wizards
  5 centaur skeletons
  6 worker ants
  4 iguanas
  A hound zombie (D:7)
  A hound skeleton (D:10)
  A worker ant zombie (D:9)
  5 gnolls (D:10)
  2 howler monkey skeletons
  11 adders
  A river rat (D:4)
  2 shadow imps
  An ooze (D:4)
  An adder zombie (D:8)
  2 adder skeletons
  2 worms
  5 leopard geckos
  62 orcs
  2 giant cockroaches (D:4)
  13 goblins
  4 hobgoblins
  10 jackals
  10 quokkas
  3 ball pythons
  9 bats
  5 frilled lizards
  26 kobolds
  2 rats
  A crawling corpse (Elf:3)
  A fungus (Lair:5)
  5 plants
  10 tentacles (Shoals:1)
  A withered plant (Shoals:1)
1196 creatures vanquished.

Vanquished Creatures (others)
  A merfolk javelineer (Shoals:2)
  A vault guard (D:13)
  3 naga sharpshooters
  2 deep elf archers
  A deep elf mage (Elf:1)
  A faun (Shoals:3)
  A manticore (Shoals:2)
  A gargoyle (D:15)
  A centaur (Shoals:3)
  A crimson imp (D:15)
  An orc wizard (Orc:2)
  An orc (Orc:1)
  16 fungi
  16 plants
  31 tentacles
78 creatures vanquished.

Grand Total: 1274 creatures vanquished

Notes
Turn   | Place    | Note
-------+----------+-------------------------------------------
     0 | D:1      | dvd the Deep Dwarf Gladiator began the quest for the Orb.
     0 | D:1      | Reached XP level 1. HP: 19/19 MP: 1/1
   141 | D:1      | Reached XP level 2. HP: 20/26 MP: 2/2
  1030 | D:2      | Reached XP level 3. HP: 22/32 MP: 3/3
  1046 | D:2      | Reached skill level 1 in Armour
  1431 | D:2      | Found a deep blue altar of Sif Muna.
  1433 | D:2      | Found an ornate altar of the Wu Jian Council.
  1627 | D:3      | Reached XP level 4. HP: 18/39 MP: 4/4
  2223 | D:4      | Found a runed translucent door.
  2257 | D:4      | Reached XP level 5. HP: 15/45 MP: 5/5
  2259 | D:4      | Noticed Killmatronix's ghost (novice HuWn)
  2265 | D:4      | Got a clouded wooden ring
  2266 | D:4      | Identified the ring of the Vanishing Eyes {MR+ Dex+4} (You
                  | found it on level 4 of the Dungeon)
  2291 | D:4      | Found Fumpoic's General Store.
  2316 | D:4      | Noticed an ogre
  2320 | D:4      | Killed an ogre
  2320 | D:4      | Reached skill level 5 in Axes
  2349 | D:4      | Found Mapunnem's Distillery.
  2357 | D:4      | Bought a potion of curing for 33 gold pieces
  2378 | D:4      | Found a glowing silver altar of Zin.
  2616 | D:4      | Found Yghelex's Distillery.
  2620 | D:4      | Bought a potion of heal wounds for 70 gold pieces
  2638 | D:4      | Found Pameivoi's Distillery.
  2673 | D:4      | Found a runed translucent door.
  2710 | D:4      | Reached XP level 6. HP: 18/54 MP: 6/6
  2830 | D:4      | Found a runed translucent door.
  2831 | D:4      | Noticed Crazy Yiuf
  2838 | D:4      | Killed Crazy Yiuf
  2968 | D:5      | Entered Level 5 of the Dungeon
  3168 | D:5      | Found Ethroixze's Mass Market.
  3402 | D:5      | Found an opulent altar of Gozag.
  3402 | D:5      | Found a basalt altar of Yredelemnul.
  3433 | D:5      | Reached skill level 1 in Maces & Flails
  3667 | D:5      | Found a sacrificial altar of Ru.
  3791 | D:6      | Found a staircase to the Ecumenical Temple.
  3799 | D:6      | Reached XP level 7. HP: 35/61 MP: 7/7
  3851 | Temple   | Entered the Ecumenical Temple
  3922 | Temple   | Became a worshipper of Makhleb the Destroyer
  4179 | D:6      | Found an iron altar of Okawaru.
  4417 | D:5      | Bought a +0 large shield for 54 gold pieces
  4839 | D:7      | Reached skill level 5 in Armour
  4881 | D:7      | Reached skill level 1 in Shields
  4991 | D:7      | Reached XP level 8. HP: 42/69 MP: 7/7
  5175 | D:7      | Noticed Joseph
  5209 | D:7      | Killed Joseph
  5234 | D:7      | Noticed Harold
  5285 | D:7      | Killed Harold
  5285 | D:7      | Reached skill level 5 in Shields
  5285 | D:7      | Gained mutation: You passively map the area around you.
                  | [Deep Dwarf growth]
  5285 | D:7      | Reached XP level 9. HP: 44/78 MP: 8/8
  5306 | D:7      | Found a bloodstained altar of Trog.
  5320 | D:7      | Noticed Prince Ribbit
  5402 | D:7      | Found a sparkling altar of Nemelex Xobeh.
  5639 | D:7      | Got a distressingly furry chain mail
  5650 | D:7      | Identified the +4 chain mail of Qufomn {rElec rF++ rCorr
                  | MP-9 Str+2} (You found it on level 7 of the Dungeon)
  5800 | D:8      | Reached skill level 5 in Maces & Flails
  5991 | D:8      | Got a bronze scale mail
  6002 | D:8      | Identified the cursed +1 scale mail of the Worm {*Drain
                  | MP+9 Str+7} (You found it on level 8 of the Dungeon)
  6311 | D:9      | Reached * piety under Makhleb
  6657 | D:9      | Found a white marble altar of Elyvilon.
  7157 | D:9      | Reached XP level 10. HP: 66/86 MP: 0/9
  7452 | D:10     | Entered Level 10 of the Dungeon
  7641 | D:10     | Reached ** piety under Makhleb
  8327 | D:10     | Killed an unseen horror
  8462 | D:10     | Found a staircase to the Lair.
  8495 | Lair:1   | Entered Level 1 of the Lair of Beasts
  8653 | Lair:1   | Noticed a spiny frog
  8677 | Lair:1   | Killed a spiny frog
  8889 | Lair:1   | Reached XP level 11. HP: 39/93 MP: 0/9
  8922 | Lair:1   | Reached skill level 5 in Fighting
  8944 | Lair:1   | Reached skill level 1 in Stealth
  9429 | Lair:2   | Gained mutation: Armour fits poorly on your strangely
                  | shaped body. [potion of mutation]
  9429 | Lair:2   | Gained mutation: You have a pair of small horns on your
                  | head. [potion of mutation]
  9429 | Lair:2   | Gained mutation: You can translocate small distances at
                  | will. [potion of mutation]
  9429 | Lair:2   | Gained mutation: You expend magic power (3 MP) to
                  | strengthen your wands. [potion of mutation]
  9522 | Lair:2   | Reached *** piety under Makhleb
  9522 | Lair:2   | Reached skill level 10 in Shields
  9813 | Lair:2   | Reached skill level 10 in Armour
 10155 | Lair:3   | Found a staircase to the Shoals.
 10547 | Lair:3   | Found a staircase to the Snake Pit.
 10824 | Lair:3   | Reached skill level 5 in Throwing
 11202 | Lair:4   | Noticed a lindwurm
 11213 | Lair:4   | Killed a lindwurm
 11332 | Lair:4   | Reached XP level 12. HP: 88/105 MP: 1/10
 11710 | Lair:4   | Reached skill level 10 in Maces & Flails
 12014 | Lair:4   | Reached **** piety under Makhleb
 12245 | Lair:5   | Reached skill level 5 in Dodging
 12547 | Lair:5   | Got a warped scale mail
 12548 | Lair:5   | Identified the +0 scale mail of the Turtle {rElec rPois
                  | rCorr Int-2} (You found it on level 5 of the Lair of
                  | Beasts)
 12664 | Lair:5   | Noticed an eight-headed hydra
 12683 | Lair:5   | Killed a one-headed hydra
 12917 | Lair:6   | Entered Level 6 of the Lair of Beasts
 12976 | Lair:6   | Found a staircase to the Slime Pits.
 12977 | Lair:6   | Found a viscous altar of Jiyva.
 12999 | Lair:6   | Noticed a five-headed hydra
 13012 | Lair:6   | Killed a one-headed hydra
 13124 | Lair:6   | Noticed a six-headed hydra
 13139 | Lair:6   | Killed a one-headed hydra
 13521 | Lair:6   | Found a large runed translucent door.
 13521 | Lair:6   | Noticed a fire dragon
 13593 | Lair:6   | Reached XP level 13. HP: 63/114 MP: 2/11
 13617 | Lair:6   | Found a large runed translucent door.
 13634 | Lair:6   | Reached ***** piety under Makhleb
 14459 | Lair:6   | Killed a fire dragon
 15262 | D:11     | Got a pitted helmet
 15264 | D:11     | Identified the +0 helmet of Pessimism {rN+ Str+6} (You
                  | found it on level 11 of the Dungeon)
 15906 | D:12     | Found a staircase to the Orcish Mines.
 16036 | Orc:1    | Entered Level 1 of the Orcish Mines
 16126 | Orc:1    | Noticed an ettin
 16180 | Orc:1    | Killed an ettin
 16379 | Orc:2    | Entered Level 2 of the Orcish Mines
 16666 | Orc:2    | Found Aryeve's Jewellery Shoppe.
 16691 | Orc:2    | Found Qicixumn's General Store.
 16700 | Orc:2    | Reached ****** piety under Makhleb
 16773 | Orc:2    | Found Qonuv's Jewellery Shop.
 16786 | Orc:2    | Bought the ring of Kialesi {+Fly rF+ SInv} for 497 gold
                  | pieces
 16806 | Orc:2    | Noticed Erolcha
 16815 | Orc:2    | Killed Erolcha
 16815 | Orc:2    | Gained mutation: You resist negative energy. (rN+) [Deep
                  | Dwarf growth]
 16815 | Orc:2    | Reached XP level 14. HP: 94/124 MP: 3/12
 16879 | Orc:2    | Found Diodayny's General Store.
 16929 | Orc:2    | Found Fablu's Antique Armour Shop.
 16937 | Orc:2    | Bought a fine shield for 199 gold pieces
 16947 | Orc:2    | Identified the +3 shield "Reasix" {rC- Str-4 Slay+4 Stlth+}
                  | (You bought it in a shop on level 2 of the Orcish Mines)
 17107 | Orc:2    | Found a staircase to the Elven Halls.
 17323 | Orc:2    | Found Masul's Gadget Boutique.
 17392 | Orc:2    | Found Qystryuma's Magic Scroll Shop.
 17424 | Orc:2    | Bought a scroll of enchant weapon for 90 gold pieces
 17424 | Orc:2    | Bought a scroll of enchant weapon for 90 gold pieces
 17437 | Orc:2    | Found a radiant altar of Vehumet.
 17441 | Orc:2    | Found Kuf Uwk's Distillery.
 17452 | Orc:2    | Found an ancient bone altar of Kikubaaqudgha.
 17485 | Orc:2    | Found a roughly hewn altar of Beogh.
 17485 | Orc:2    | Found Kunar's Antique Armour Shop.
 17537 | Orc:2    | Bought a shiny shield for 217 gold pieces
 18102 | D:4      | Bought a potion of mutation for 112 gold pieces
 18102 | D:4      | Lost mutation: You have a pair of small horns on your head.
                  | [potion of mutation]
 18102 | D:4      | Lost mutation: Armour fits poorly on your strangely shaped
                  | body. [potion of mutation]
 18102 | D:4      | Gained mutation: Scrolls take you a little longer to read.
                  | [potion of mutation]
 18102 | D:4      | Gained mutation: Your flesh is heat resistant. (rF+)
                  | [potion of mutation]
 19034 | D:13     | Found a gate to the Vaults.
 19106 | D:14     | Noticed Josephine
 19139 | D:13     | Killed Josephine
 19559 | D:14     | Noticed Snorg
 19568 | D:14     | Killed Snorg
 19741 | D:14     | Reached XP level 15. HP: 134/134 MP: 4/13
 20025 | D:15     | Entered Level 15 of the Dungeon
 20043 | D:15     | Identified a scroll of acquirement
 20043 | D:15     | Got a jewelled buckler
 20054 | D:15     | Identified the +4 buckler of Bozxid {rN+} (You acquired it
                  | on level 15 of the Dungeon)
 20067 | D:15     | Found a staircase to the Depths.
 20179 | D:15     | Learned a level 1 spell: Flame Tongue
 20399 | D:15     | Found an opulent altar of Gozag.
 20415 | D:15     | Found Gozag's Platinum Reserve.
 20496 | D:15     | Found a runed translucent gate.
 20497 | D:15     | Found a runed translucent gate.
 20498 | D:15     | Found an opulent altar of Gozag.
 20498 | D:15     | Found a runed translucent gate.
 20519 | D:15     | Found Acrounuh's Assorted Antiques.
 20527 | D:15     | Noticed a fire giant
 20527 | D:15     | Noticed Aske's ghost (journeyman MiBe)
 20543 | D:15     | Killed a fire giant
 20565 | D:15     | Killed Aske's ghost
 21466 | D:4      | Bought 3 javelins of penetration for 86 gold pieces
 21493 | D:4      | Killed Killmatronix's ghost
 21844 | Shoals:1 | Entered Level 1 of the Shoals
 21954 | Shoals:1 | Noticed a kraken
 22071 | Snake:1  | Entered Level 1 of the Snake Pit
 22323 | Snake:1  | Noticed Donald
 22332 | Snake:1  | Killed Donald
 22332 | Snake:1  | Reached skill level 15 in Shields
 23046 | Snake:2  | Noticed a nagaraja
 23052 | Snake:2  | Killed a nagaraja
 23132 | Snake:2  | Noticed Agnes
 23146 | Snake:2  | Killed Agnes
 23146 | Snake:2  | Reached XP level 16. HP: 144/144 MP: 5/14
 23315 | Snake:2  | Reached skill level 15 in Armour
 23423 | Snake:2  | Noticed Aizul
 23442 | Snake:2  | Killed Aizul
 23744 | Snake:3  | Found Fudd's Antique Weapon Shop.
 23744 | Snake:3  | Found Roreth's General Store.
 23763 | Snake:3  | Bought a potion of curing for 54 gold pieces
 23916 | Snake:3  | Noticed Vashnia
 23938 | Snake:3  | Killed Vashnia
 23938 | Snake:3  | Reached skill level 15 in Maces & Flails
 24005 | Snake:3  | Found a runed translucent gate.
 24006 | Snake:3  | Found a runed translucent gate.
 24007 | Snake:3  | Found a runed translucent gate.
 24008 | Snake:3  | Noticed Killmatronix's ghost (adept BaWn)
 24009 | Snake:3  | Noticed bmj180's ghost (adept GrEE)
 24026 | Snake:3  | Reached skill level 10 in Fighting
 24444 | Snake:4  | Entered Level 4 of the Snake Pit
 24916 | Snake:4  | Found Xeisaso's Assorted Antiques.
 24919 | Snake:4  | Bought a potion of resistance for 200 gold pieces
 24919 | Snake:4  | Bought a potion of curing for 60 gold pieces
 24919 | Snake:4  | Bought a potion of curing for 60 gold pieces
 25174 | Snake:4  | Reached XP level 17. HP: 122/154 MP: 6/15
 25434 | Snake:4  | HP: 7/154 [nagaraja/poison arrow (33)]
 25772 | Snake:4  | Got a serpentine rune of Zot
 26386 | Shoals:1 | Noticed Kirke
 26397 | Shoals:1 | Killed Kirke
 26674 | Shoals:1 | Noticed a kraken
 26716 | Shoals:1 | Killed a kraken
 27156 | Shoals:1 | Killed a kraken
 27220 | Shoals:2 | Reached skill level 1 in Evocations
 27666 | Shoals:2 | Reached skill level 1 in Invocations
 28265 | Shoals:3 | Noticed Bai Suzhen
 28297 | Shoals:3 | Killed Bai Suzhen
 28297 | Shoals:3 | Gained mutation: You passively map a large area around you.
                  | [Deep Dwarf growth]
 28297 | Shoals:3 | Reached XP level 18. HP: 165/165 MP: 7/18
 28319 | Shoals:3 | Noticed Polyphemus
 28349 | Shoals:3 | Killed Polyphemus
 28539 | Shoals:3 | Got a slimy hand crossbow
 28542 | Shoals:3 | Identified the cursed +1 hand crossbow of Instant Death
                  | {velocity, rPois Dex-5 SInv Stlth+} (You found it on level
                  | 3 of the Shoals)
 28847 | Shoals:3 | Noticed Ilsuiw
 28889 | Shoals:3 | Killed Ilsuiw
 28950 | Shoals:4 | Entered Level 4 of the Shoals
 29698 | Shoals:4 | Identified the +5 ring mail of the Bulwark {-Cast +Fly
                  | rElec rPois} (You found it on level 4 of the Shoals)
 29808 | Shoals:4 | Got a barnacled rune of Zot
 29900 | Shoals:4 | Identified the Guide on Conjuration
 29935 | Shoals:4 | Found a large runed translucent door.
 29935 | Shoals:4 | Found a large runed translucent door.
 29939 | Shoals:4 | Noticed Kehia's ghost (adept DrWn)
 29966 | Shoals:4 | Killed Kehia's ghost
 29969 | Shoals:4 | Identified the Compendium of Flamy Summoning
 29975 | Shoals:4 | Got a steaming troll leather armour
 29977 | Shoals:4 | Identified the Tome of Dark Magic and Confrontation
 29981 | Shoals:4 | Identified the +2 troll leather armour of Untold Secrets
                  | {rElec rC+ Regen+ Int-5} (You found it on level 4 of the
                  | Shoals)
 30102 | Shoals:4 | Found the +8 glaive of the Guard {elec, +Rage AC+5 SInv}
 30547 | Elf:1    | Entered Level 1 of the Elven Halls
 30596 | Elf:1    | Found a radiant altar of Vehumet.
 30727 | Elf:1    | Reached skill level 10 in Axes
 30734 | Elf:1    | Noticed a Brimstone Fiend
 30817 | Elf:1    | You fall through a shaft!
 30818 | Elf:2    | Found Xuggyir's Magic Scroll Shop.
 30918 | Elf:2    | Bought a scroll of enchant weapon for 142 gold pieces
 31053 | Elf:2    | Reached XP level 19. HP: 175/175 MP: 11/20
 31154 | Elf:1    | Noticed a Tzitzimitl
 31184 | Elf:1    | Found a runed translucent gate.
 31184 | Elf:1    | Found a runed translucent gate.
 31184 | Elf:1    | Found a runed translucent gate.
 31184 | Elf:1    | Found a runed translucent gate.
 31184 | Elf:1    | Found a runed translucent gate.
 31207 | Elf:1    | Found a runed translucent gate.
 31579 | Elf:1    | Noticed Roxanne
 31922 | Elf:1    | Killed Roxanne
 32023 | Elf:2    | Found a runed translucent door.
 32114 | Elf:2    | Noticed kalagan's ghost (adept DEEE)
 32129 | Elf:2    | Killed kalagan's ghost
 32135 | Elf:2    | Identified the Almanac of Cloudy Moulding
 32207 | Elf:2    | Found a huge runed translucent gate.
 32207 | Elf:2    | Found a huge runed translucent gate.
 32208 | Elf:2    | Found a huge runed translucent gate.
 32215 | Elf:2    | Found a huge runed translucent gate.
 32220 | Elf:2    | Found a huge runed translucent gate.
 32796 | Elf:3    | Entered Level 3 of the Elven Halls
 32890 | Elf:3    | Found Gizulir's Weapon Shoppe.
 33059 | Elf:3    | Found Soq Zus's Antique Weapon Shop.
 33164 | Elf:3    | Found Usintofur's Distillery.
 33203 | Elf:3    | Bought a potion of curing for 33 gold pieces
 33203 | Elf:3    | Bought a potion of heal wounds for 55 gold pieces
 33203 | Elf:3    | Bought a potion of heal wounds for 55 gold pieces
 33203 | Elf:3    | Bought 2 potions of curing for 66 gold pieces
 33203 | Elf:3    | Bought a potion of curing for 33 gold pieces
 33502 | Elf:3    | Reached skill level 10 in Throwing
 33635 | Elf:3    | Killed from afar by a deep elf annihilator

Skill      XL: |  1  2  3  4  5  6  7  8  9 10 11 12 13 14 15 16 17 18 19 |
---------------+----------------------------------------------------------+-----
Axes           | 4 5 6 7 8 9 10 | 10.2
Fighting       | 2 3 4 6 7 8 9 10 11 12 | 12.6
Armour         | 1 2 4 5 6 7 9 10 11 12 13 14 15 16 17 18 | 18.3
Throwing       | 2 3 4 5 6 7 8 10 | 10.1
Maces & Flails | 1 2 4 5 7 9 11 12 13 14 15 16 17 | 17.0
Shields        | 1 5 7 9 10 11 12 14 15 16 17 18 | 18.8
Dodging        | 4 5 6 7 8 |  8.5
Stealth        | 1 2 |  2.0
Evocations     | 1 |  1.3
Invocations    | 2 4 |  4.1
Conjurations   | |  0.2

Action                   |  1- 3 |  4- 6 |  7- 9 | 10-12 | 13-15 | 16-18 | 19-21 || total
-------------------------+-------+-------+-------+-------+-------+-------+-------++-------
Melee: War axe           |   113 |    60 |       |       |    39 |   184 |       ||   396
       Mace              |       |    43 |   468 |   316 |       |       |       ||   827
       Hand axe          |       |       |    11 |    33 |    23 |     3 |       ||    70
       Morningstar       |       |       |       |   447 |  1285 |  1241 |   368 ||  3341
       Headbutt          |       |       |       |   163 |   160 |       |       ||   323
Throw: Throwing net      |     8 |       |     1 |       |     1 |       |       ||    10
       Javelin           |     3 |    33 |     8 |    11 |    15 |     2 |   103 ||   175
       Tomahawk          |       |    10 |    47 |    89 |   139 |   203 |     9 ||   497
 Cast: Flame Tongue      |       |       |       |       |       |     1 |       ||     1
Invok: Lesser Servant of |       |       |       |     1 |       |       |       ||     1
       Minor Destruction |       |       |       |       |       |    28 |       ||    28
 Abil: Heal Wounds       |       |     1 |     7 |     4 |       |     1 |       ||    13
       Evoke Flight      |       |       |       |       |       |     4 |       ||     4
Evoke: Wand              |       |       |       |       |     1 |    14 |       ||    15
  Use: Potion            |       |     1 |     1 |    13 |     7 |     9 |       ||    31
       Scroll            |       |       |     2 |    18 |    13 |    16 |     3 ||    52
 Stab: Held in net/web   |     1 |       |       |       |       |       |       ||     1
  Eat: Chunk             |     2 |     6 |    15 |    22 |    33 |    25 |     8 ||   111
       Ration            |       |       |       |       |       |     1 |       ||     1
Armor: Leather armour    |    18 |       |       |       |       |       |       ||    18
       Plate armour      |    65 |    85 |   105 |       |       |       |       ||   255
       Chain mail        |       |       |    96 |   332 |   397 |   480 |    98 ||  1403
Dodge: Dodged            |    93 |    33 |    51 |   169 |   430 |   712 |   108 ||  1596
Block: Large shield      |       |       |   316 |   769 |  1013 |       |       ||  2098
       Shield            |       |       |       |       |   351 |  1307 |   273 ||  1931
       Reflection        |       |       |       |       |    11 |   138 |    35 ||   184
